 Dungeon Crawl Stone Soup version 0.32-a0-571-gec57dfcd37 (webtiles) character file.

Game seed: 9709797489002331373

42 CougarLife the Digger (level 3, 0/19 HPs)
             Began as a Gargoyle Earth Elementalist on Mar 1, 2024.
             Slain by an orange demon (2 damage)
             ... created by the fury of Makhleb
             ... on level 2 of the Dungeon.
             The game lasted 00:01:24 (1481 turns).

CougarLife the Digger (Gargoyle Earth Elementalist) Turns: 1481, Time: 00:01:25

Health: 0/19       AC:  7    Str: 11    XL:     3   Next: 54%
Magic:  4/7        EV: 11    Int: 17    God:
Gold:   78         SH:  0    Dex: 10    Spells: 6/7 levels left

rFire   . . .        f - +0 dagger
rCold   . . .        (no shield)
rNeg    + . .        a - +0 robe
rPois   ∞            (no helmet)
rElec   +            (no cloak)
rCorr   .            m - +1 pair of gloves
SInv    .            (no boots)
Will    .....        (no amulet)
Stlth   ++           (no ring)
HPRegen 0.23/turn    (no ring)
MPRegen 0.10/turn

%: no passive effects
@: very slightly contaminated
A: sickness immunity, AC +3, negative energy resistance 1, electricity
resistance, torment resistance 1, petrification resistance
a: no special abilities


You were on level 2 of the Dungeon.
You visited 1 branch of the dungeon, and saw 2 of its levels.

You collected 78 gold pieces.

Inventory:

Hand Weapons
 f - a +0 dagger (weapon)
Armour
 a - a +0 robe (worn)
 m - a +1 pair of gloves (worn)
Scrolls
 c - 3 scrolls of enchant weapon {unknown}
 h - a scroll of amnesia {unknown}
 i - a scroll of acquirement {unknown}
 k - a scroll of immolation {unknown}
 n - a scroll of fear {unknown}
 o - a scroll of teleportation {unknown}
 p - a scroll of identify {unknown}
Potions
 b - a potion of magic
 d - a potion of ambrosia {unknown}
 e - a potion of mutation {unknown}
 g - a potion of haste {unknown}
 j - 2 potions of heal wounds {unknown}
 l - 2 potions of might {unknown}


   Skills:
 - Level 1.5 Dodging
 - Level 2.1 Stealth
 + Level 2.6 Spellcasting
 + Level 2.1 Conjurations
 + Level 4.2 Earth Magic


You had 6 spell levels left.
You knew the following spells:

 Your Spells              Type           Power      Damage    Failure   Level
a - Sandblast             Erth           32%        2d9       3%          1

Your spell library contained the following spells:

 Spells                   Type           Power      Damage    Failure   Level
 Passwall                 Erth           16%        N/A       10%         3
 Stone Arrow              Conj/Erth      26%        3d8       14%         3
 Brom's Barrelling Bould  Conj/Erth      13%        2d4       43%         4
 Petrify                  Alch/Erth      9%         N/A       58%         4


Dungeon Overview and Level Annotations

Branches:
Dungeon (2/15)

Altars:
Makhleb


Innate Abilities, Weirdness & Mutations

You are immune to sickness and miasma.
Your stone body is resilient. (AC +3)
You are immune to poison.
You resist negative energy. (rN+)
You are resistant to electric shocks. (rElec)
You are resistant to unholy torment.
You are immune to petrification.


Message History

A ribbon worm is nearby!
You can't see any susceptible monsters within range! (Use Z to cast anyway.)
The blast of sand hits the ribbon worm!
The ribbon worm is severely wounded.
The blast of sand hits the ribbon worm!
You kill the ribbon worm!
No target in view!
You can't see any susceptible monsters within range! (Use Z to cast anyway.)
You can't see any susceptible monsters within range! (Use Z to cast anyway.) Makhleb sends a minion to punish you.
An orange demon comes into view.
You miscast Sandblast.
You are very lightly contaminated with residual magic.
Nothing appears to happen.
The orange demon stings you! The orange demon closely misses you.
An orange demon is nearby!
The blast of sand hits the orange demon!
The orange demon is lightly wounded.
The orange demon stings you!
* * * LOW HITPOINT WARNING * * *
The orange demon hits you but does no damage.
An orange demon is nearby!
You are too injured to fight recklessly!
You are too injured to fight recklessly!
You are too injured to fight recklessly!
You are too injured to fight recklessly!
You are too injured to fight recklessly!
Casting: Sandblast (safe; 3% risk of failure)
Confirm with . or Enter, or press ? or * to list all spells.
Aiming: Sandblast (safe; 3% risk of failure)
Press: ? - help, Shift-Dir - straight line, f/p - orange demon
Aim: an orange demon (lightly wounded, durably summoned, 89% to hit)
The blast of sand hits the orange demon!
The orange demon is moderately wounded.
The orange demon misses you.
The orange demon hits you but does no damage.
The orange demon stings you.
* * * LOW HITPOINT WARNING * * *
The orange demon hits you.
You die...

### ..# #.# #.# #.#
#.###############
######.##.............
#...4@................
.....######.##.######### ..##
## #.##... ...... ..# .
....##..######## ..###.#
#.####..#
###......####.####..#
##...................########
#...... ........†...........
..###..#.#
...........########


You could see an orange demon.

Vanquished Creatures
  A ribbon worm (D:2)
  7 ball pythons
  4 bats (D:1)
  2 endoplasms
  3 giant cockroaches
  4 goblins
  A hobgoblin (D:1)
  3 kobolds
  A quokka (D:2)
  7 frilled lizards (D:1)
  A rat (D:1)
  A spectral goblin (D:2)
35 creatures vanquished.

Notes
Turn   | Place    | Note
-------+----------+-------------------------------------------
     0 | D:1      | CougarLife the Gargoyle Earth Elementalist began the quest
                  | for the Orb.
     0 | D:1      | Reached XP level 1. HP: 10/10 MP: 3/3
   168 | D:1      | Reached XP level 2. HP: 15/15 MP: 3/5
   373 | D:1      | Reached skill level 4 in Earth Magic
   584 | D:1      | Reached XP level 3. HP: 19/19 MP: 4/6
  1152 | D:2      | Found a faded altar of an unknown god.
  1272 | D:2      | Prayed at the altar of an unknown god.
  1272 | D:2      | Became a worshipper of Makhleb the Destroyer
  1272 | D:2      | Reached * piety under Makhleb
  1369 | D:2      | Fell from the grace of Makhleb
  1478 | D:2      | Noticed an orange demon
  1481 | D:2      | Slain by an orange demon

Illustrated notes

Levels and vault maps discovered:
D:1:      nicolae_arrival_somewhat_less_tricky_arrival, layout_rooms,
          minmay_lizard_king
D:2:      layout_loops_ring, dreamdust_ecumenical_altar_drowned_temple

Skill      XL: |  1  2  3 |
---------------+----------+-----
Earth Magic    | 4 |  4.2
Conjurations   | 2 |  2.1
Dodging        | |  1.5
Stealth        | |  2.1
Spellcasting   | |  2.6

Action                     || total
---------------------------++-------
  Melee: Unarmed           ||     7
         Dagger            ||    16
   Cast: Sandblast         ||    44
 Invoke: Renounce Religion ||     1
 Armour: Robe              ||    30
  Dodge: Dodged            ||    20

Table legend: (Time is in decaauts)
 A = Elapsed time spent in this place.
 B = Non-inter-level travel time spent in this place.
 C = Inter-level travel time spent in this place.
 D = Time resting spent in this place.
 E = Time spent auto-exploring this place.
 F = Levels seen in this place.
 G = Mean time per level.
                   A        B        C        D        E       F      G
               +--------+--------+--------+--------+--------+-----+--------+
         Total |   1505 |   1404 |    101 |      0 |   1136 |   2 |  752.5 |
       Dungeon |   1505 |   1404 |    101 |      0 |   1136 |   2 |  752.5 |
               +--------+--------+--------+--------+--------+-----+--------+

Top non-repeatable levels by time:
     D:1: 887 daAuts
     D:2: 618 daAuts
